 Dungeon Crawl Stone Soup version 0.25-a0-544-gee0576305d (webtiles) character file.

Game seed: 15411934755330397619, levelgen mode: deterministic

184 kae the Cudgeler (level 5, -6/42 HPs)
             Began as a Demonspawn Fighter on Feb 20, 2020.
             Mangled by a gnoll
             ... wielding a +0 halberd
              (7 damage)
             ... on level 3 of the Dungeon.
             The game lasted 00:02:25 (2417 turns).

kae the Cudgeler (Demonspawn Fighter)               Turns: 2417, Time: 00:02:25

Health: -6/42      AC:  9    Str: 17    XL:     5   Next: 36%
Magic:  0/5        EV:  6    Int:  9    God:
Gold:   68         SH:  8    Dex: 13    Spells: 4/4 levels left

rFire    + . .     SeeInvis .   a - +0 flail
rCold    . . .     Gourm    .   c - +0 kite shield
rNeg     . . .     Faith    .   b - +0 scale mail
rPois    .         Spirit   +   (no helmet)
rElec    .         Reflect  .   (no cloak)
rCorr    .         Harm     .   (no gloves)
MR       .....                  n - +2 pair of boots
Stlth    ..........             (no amulet)
HPRegen  0.14/turn              j - ring of protection from fire
MPRegen  0.18/turn              (no ring)

@: no status effects
A: claws 1, talons 1, magic shield, magic regeneration
a: no special abilities


You were on level 3 of the Dungeon.
You were not hungry.

You visited 1 branch of the dungeon, and saw 3 of its levels.

You collected 68 gold pieces.

Inventory:

Hand Weapons
 a - a +0 flail (weapon)
Armour
 b - a +0 scale mail (worn)
 c - a +0 kite shield (worn)
 n - a +2 pair of boots (worn)
Jewellery
 j - a ring of protection from fire (left claw)
Scrolls
 e - a scroll of enchant armour
 m - a scroll of teleportation
 p - a scroll of identify
Potions
 d - 2 potions of might
 h - a potion of stabbing
 i - a potion of invisibility {unknown}
 k - a potion of heal wounds {unknown}
 l - a potion of curing {unknown}
 o - a potion of lignification {unknown}
 q - a potion of cancellation {unknown}
Comestibles
 f - 8 rations


   Skills:
 + Level 4.2 Fighting
 * Level 4.3 Maces & Flails
 - Level 2.6 Armour
 - Level 2.6 Shields


You had 4 spell levels left.
You didn't know any spells.
Your spell library was empty.

Dungeon Overview and Level Annotations

Branches:
Dungeon (3/15)

Altars:
Dithmenos


Innate Abilities, Weirdness & Mutations

You have sharp fingernails.
You have sharp toenails.
When hurt, damage is shared between your health and your magic reserves.
You regenerate magic rapidly.


Message History

You kill the gnoll!
The gnoll hits you from afar with a +0 spear.
You closely miss the gnoll.
The gnoll hits you from afar with a +0 spear.
The gnoll barely misses you. You block the gnoll's attack.
The gnoll hits you but does no damage. The gnoll hits you.
* * * LOW HITPOINT WARNING * * *
You hit the gnoll but do no damage.
The gnoll hits you from afar with a +0 halberd.
* * * LOW HITPOINT WARNING * * *
You block the gnoll's attack. The gnoll hits you but does no damage.
You hit the gnoll.
The gnoll is moderately wounded.
The gnoll hits you from afar with a +0 halberd!
* * * LOW HITPOINT WARNING * * *
The gnoll hits you but does no damage. You block the gnoll's attack.
You sock the gnoll!
You kill the gnoll!
The gnoll hits you from afar with a +0 halberd!
You die...

#.#.# #.#####.#####
#.#.# #.# ##.###
#...# #.# #..#.##
...####.####.#...####
###
........)...........+
+..
..<.....####.#...####
###
.....#######.##.##
### ##.#.# #.......)#
#.. ##.#.# #.##.###@#
#.# ##.#.# #.# #)#
#.# #..#.# #..


gg# # #.# #..#.# ####..# #. #.# ...#.# .... ####.#####.# ._ยง#.# .#...
#.......##.# .....# ..... #.......##.# #.#### # #.#.# #...#.##.. #.# ##........
You could see 2 gnolls.

Vanquished Creatures
  Jessica (D:3)
  6 gnolls
  2 adders
  An ooze (D:3)
  5 worms
  A dart slug (D:3)
  3 leopard geckos
  2 orcs (D:3)
  13 bats
  3 giant cockroaches (D:1)
  5 hobgoblins
  4 jackals (D:2)
  A frilled lizard (D:2)
  2 goblins (D:2)
  4 kobolds
  9 rats
62 creatures vanquished.

Notes
Turn   | Place    | Note
-------+----------+-------------------------------------------
     0 | D:1      | kae the Demonspawn Fighter began the quest for the Orb.
     0 | D:1      | Reached XP level 1. HP: 18/18 MP: 1/1
   121 | D:1      | Gained mutation: When hurt, damage is shared between your
                  | health and your magic reserves. [demonic ancestry]
   121 | D:1      | Reached XP level 2. HP: 20/24 MP: 2/2
   581 | D:2      | Gained mutation: You regenerate magic rapidly. [demonic
                  | ancestry]
   581 | D:2      | Reached XP level 3. HP: 9/29 MP: 3/3
  1028 | D:1      | Gained mutation: You have sharp toenails. [demonic
                  | ancestry]
  1028 | D:1      | Reached XP level 4. HP: 15/37 MP: 4/4
  1220 | D:2      | Found a faded altar of an unknown god.
  2292 | D:3      | Gained mutation: You have sharp fingernails. [demonic
                  | ancestry]
  2292 | D:3      | Reached XP level 5. HP: 42/42 MP: 5/5
  2363 | D:3      | Found a shadowy altar of Dithmenos.
  2394 | D:3      | Noticed Jessica
  2402 | D:3      | Killed Jessica
  2416 | D:3      | HP: 1/42 [gnoll/+0 halberd (5)]
  2417 | D:3      | Mangled by a gnoll

Levels and vault maps discovered:
D:1:      dpeg_arrival_fog, layout_rooms
D:2:      layout_rooms, chequers_ecumenical_altar_simple_redux
D:3:      layout_loops_corners, grunt_dithmenos_smoke, uniq_jessica

Skill      XL: |  1  2  3  4 |
---------------+-------------+-----
Maces & Flails | 2 3 4 |  4.3
Fighting       | 4 |  4.2
Armour         | |  2.6
Shields        | |  2.6

Action                   |  1- 3 |  4- 6 || total
-------------------------+-------+-------++-------
Melee: Flail             |   126 |   120 ||   246
       Kick              |       |     7 ||     7
  Use: Scroll            |       |     4 ||     4
  Eat: Chunk             |       |     5 ||     5
Armor: Scale mail        |    96 |    56 ||   152
Dodge: Dodged            |    46 |    39 ||    85
Block: Kite shield       |    82 |    65 ||   147

Table legend:
 A = Non-vault XP
 B = Vault XP
 C = Vault XP percentage of total XP
 D = Non-vault monster count
 E = Vault monster count
 F = Vault count percentage of total count
                 A         B        C        D         E       F
            +---------+---------+-------+---------+---------+-------
      Total |     227 |      37 |  14.0 |      61 |       1 |   1.6
            +---------+---------+-------+---------+---------+-------
        D:1 |      51 |       0 |   0.0 |      22 |       0 |   0.0
        D:2 |     102 |       0 |   0.0 |      24 |       0 |   0.0
        D:3 |      74 |      37 |  33.3 |      15 |       1 |   6.2
            +---------+---------+-------+---------+---------+-------
